 Dungeon Crawl Stone Soup version 0.29.1-15-g9cfb28693d (webtiles) character file.

Game seed: 14427901245075073432

258 Cheops the Spear-Bearer (level 6, -4/44 HPs)
             Began as a Merfolk Gladiator on Mar 31, 2023.
             Succumbed to a kobold brigand's curare-tipped dart
             ... on level 4 of the Dungeon.
             The game lasted 00:06:10 (3472 turns).

Cheops the Spear-Bearer (Merfolk Gladiator)         Turns: 3472, Time: 00:06:10

Health: -4/44      AC:  6    Str: 17    XL:     6   Next: 16%
Magic:  15/15      EV: 12    Int:  7    God:
Gold:   202        SH:  5    Dex: 15    Spells: 5/5 levels left

rFire   . . .      SeeInvis .   a - +0 trident
rCold   + . .      Faith    .   (no shield)
rNeg    . . .      Spirit   .   A - +0 ring mail
rPois   .          Reflect  +   c - +0 helmet
rElec   .          Harm     .   (no cloak)
rCorr   .          Rampage  .   (no gloves)
Will    .....                   (no boots)
Stlth   +.........              q - amulet of reflection
HPRegen 0.14/turn               g - ring of protection from cold
MPRegen 0.14/turn               j - ring of magical power

@: lethally poisoned (-4 -> -37), slowed, very slow
A: (nimble swimmer 2), mertail
a: no special abilities


You were on level 4 of the Dungeon.
You visited 1 branch of the dungeon, and saw 4 of its levels.
You also visited: Sewer.

You collected 202 gold pieces.

Inventory:

Hand Weapons
 a - a +0 trident (weapon)
Missiles
 d - 3 throwing nets (quivered)
 e - a javelin
Armour
 c - a +0 helmet (worn)
 A - a +0 ring mail (worn)
Jewellery
 g - a ring of protection from cold (left hand)
 i - an amulet of the acrobat
 j - a ring of magical power (right hand)
 q - an amulet of reflection (around neck)
Scrolls
 k - 3 scrolls of fear {unknown}
 l - a scroll of identify {unknown}
 n - a scroll of enchant armour {unknown}
 o - a scroll of vulnerability {unknown}
 r - a scroll of magic mapping {unknown}
 s - a scroll of amnesia {unknown}
 w - a scroll of brand weapon {unknown}
 x - a scroll of teleportation {unknown}
 y - a scroll of immolation {unknown}
Potions
 f - a potion of attraction {unknown}
 h - a potion of lignification {unknown}
 m - a potion of might {unknown}
 p - 2 potions of heal wounds
 t - a potion of degeneration {unknown}
 u - 2 potions of flight
 v - 2 potions of curing
 z - a potion of haste {unknown}


   Skills:
 - Level 2.1 Fighting
 + Level 8.9 Polearms
 - Level 2.0 Throwing
 - Level 4.0 Dodging


You had 5 spell levels left.
You didn't know any spells.
Your spell library was empty.

Dungeon Overview and Level Annotations

Branches:
Dungeon (4/15)              Sewer (visited)
 Temple: D:4-7

Altars:
Hepliaklqana
Okawaru


Innate Abilities, Weirdness & Mutations

((You are very nimble when in or above water. (Stealth+, EV+, Speed+++)))
Your lower body shifts to a powerful aquatic tail in water.


Message History

You hear an angry hiss.
A kobold and a kobold brigand come into view.
The kobold brigand is wielding a +0 dagger and quivering curare-tipped darts.
The kobold shouts!
The kobold brigand shouts!
The kobold brigand throws a curare-tipped dart.
The curare-tipped dart hits you.
You are poisoned.
You have difficulty breathing.
You feel yourself slow down.
You feel very sick.
You feel very sick.
The kobold brigand throws a curare-tipped dart.
The curare-tipped dart hits you.
You are more poisoned.
You have difficulty breathing.
You feel as though you will be slow longer.
The kobold throws a stone.
The stone closely misses you. The howler monkey closely misses you.
The kobold brigand throws a curare-tipped dart.
The curare-tipped dart hits you.
You are lethally poisoned!
You have difficulty breathing.
* * * LOW HITPOINT WARNING * * *
You feel as though you will be slow longer.
* * * LOW HITPOINT WARNING * * *
You feel extremely sick.
The howler monkey hoots and howls with incredible vigour!
The kobold brigand throws a curare-tipped dart.
The curare-tipped dart hits you.
You are more poisoned.
You have difficulty breathing.
* * * LOW HITPOINT WARNING * * *
You feel as though you will be slow longer.
The howler monkey hoots and howls with incredible vigour!
The ball python bites you.
* * * LOW HITPOINT WARNING * * *
The ball python grabs you. The ball python constricts you.
You hear an angry hiss. x2; You hear a shout!
There is a stone staircase leading up here.
You escape the ball python's grasp.
You die...

... #... .# ...
...###..###.# ....
#......#.#.##....
#........#.#.... .
#.......#K...##..
...##........K....#..
.......$.O...........
..........wh.........
.......##...S@.......
....... ##.†.....>...
......# ##..........
...... #.)†#..##....
........# ###.####
... ..... .....##..##
.... .....
..........###....
......##.##......
..............#


You could see a kobold brigand, an ogre, a worm, a howler monkey (catching
breath), a ball python and a kobold.

Vanquished Creatures
  A kobold brigand (Sewer)
  A hound (D:4)
  A jelly (D:4)
  6 adders
  2 worms (D:2)
  An orc (D:3)
  4 endoplasms
  10 giant cockroaches
  2 goblins
  4 hobgoblins
  4 jackals
  14 kobolds
  4 quokkas
  6 ball pythons
  5 bats
  3 frilled lizards
  7 rats
75 creatures vanquished.

Vanquished Creatures (others)
  2 fungi (D:4)
2 creatures vanquished.

Grand Total: 77 creatures vanquished

Notes
Turn   | Place    | Note
-------+----------+-------------------------------------------
     0 | D:1      | Cheops the Merfolk Gladiator began the quest for the Orb.
     0 | D:1      | Reached XP level 1. HP: 16/16 MP: 1/1
   141 | D:1      | Reached XP level 2. HP: 15/22 MP: 2/2
   356 | D:1      | Found a faded altar of an unknown god.
   401 | D:1      | Reached skill level 5 in Polearms
  1355 | D:2      | Reached XP level 3. HP: 22/27 MP: 3/3
  1637 | D:2      | Reached skill level 6 in Polearms
  1651 | D:2      | Reached XP level 4. HP: 30/33 MP: 4/4
  2403 | D:3      | Found a glowing drain.
  2411 | Sewer    | Entered a sewer
  2416 | Sewer    | Reached skill level 7 in Polearms
  2493 | Sewer    | Noticed a kobold brigand
  2515 | Sewer    | Killed a kobold brigand
  2516 | Sewer    | Reached XP level 5. HP: 19/38 MP: 5/5
  2518 | Sewer    | Reached skill level 8 in Polearms
  2688 | Sewer    | Found a white marble altar of Elyvilon.
  2803 | D:3      | Found an iron altar of Okawaru.
  2967 | D:3      | Found a hazy altar of Hepliaklqana.
  3207 | D:4      | Noticed an ogre
  3311 | D:4      | Reached XP level 6. HP: 25/44 MP: 6/6
  3472 | D:4      | Succumbed to a kobold brigand's curare-tipped dart

Illustrated notes

Levels and vault maps discovered:
D:1:      nzn_arrival_settlement, layout_basic,
          hellmonk_ecumenical_altar_run_dry
D:2:      layout_loops_cross, minmay_tetromino_i2
D:3:      layout_basic, mainiacjoe_overflow_catch_the_wave, gup_sewer_entry_pipe
D:4:      layout_cave_pools, mainiacjoe_overflow_boulevard,
          kennysheep_generic_room_8

Skill      XL: |  1  2  3  4  5 |
---------------+----------------+-----
Polearms       | 5 6 7 8 |  8.9
Fighting       | |  2.1
Throwing       | |  2.0
Dodging        | |  4.0

Action                   |  1- 3 |  4- 6 || total
-------------------------+-------+-------++-------
Melee: Trident           |   104 |   159 ||   263
       Punch             |     1 |     1 ||     2
       Tailslap          |       |     5 ||     5
 Stab: Sleeping          |     2 |     2 ||     4
Armor: Leather armour    |    23 |    18 ||    41
       Ring mail         |       |     6 ||     6
Dodge: Dodged            |    86 |    73 ||   159
Block: Other             |       |    25 ||    25
